 Dungeon Crawl Stone Soup version 0.23-a0-636-g0ff6057 (webtiles) character file.

36286 TheGoonsmith the Martial Artist (level 13, -4/103 HPs)
             Began as a Demonspawn Gladiator on Dec 28, 2018.
             Was a High Priest of Cheibriados.
             Slain by a tyrant leech (20 damage)
             ... on level 6 of the Lair of Beasts.
             The game lasted 00:31:19 (18056 turns).

TheGoonsmith the Martial Artist (DsGl)             Turns: 18056, Time: 00:31:19

Health: -4/103     AC: 18    Str: 30    XL:     13   Next: 52%
Magic:  20/20      EV: 20    Int: 23    God:    Cheibriados [*****.]
Gold:   694        SH:  0    Dex: 30    Spells: 12/12 levels left

rFire    + + .     SeeInvis .     - Unarmed
rCold    + . .     Gourm    .   (no shield)
rNeg     + + .     Faith    +   A - +1 chain mail {rPois}
rPois    +         Spirit   .   a - +0 helmet
rElec    .         Reflect  .   m - scarf {rC+ rF+}
rCorr    .         Harm     .   (no gloves)
MR       .....                  l - +1 pair of boots
Stlth    ..........             S - amulet of faith
HPRegen  0.27/turn              t - ring of protection from fire
MPRegen  0.17/turn              K - ring "Pist" {rN++ AC+2}

@: repel missiles, very slow
A: claws 2, repulsion field 3, rot immunity
a: Bend Time, Temporal Distortion, Slouch, Step From Time, Renounce Religion


You were on level 6 of the Lair of Beasts.
You worshipped Cheibriados.
Cheibriados was extremely pleased with you.
You were not hungry.

You visited 3 branches of the dungeon, and saw 19 of its levels.

You collected 993 gold pieces.
You spent 299 gold pieces at shops.

Inventory:

Hand Weapons
 b - a +0 hunting sling
 c - a +1 war axe
 E - the cursed +3 battleaxe of Yzecemur {chop, Int+2 Dex+4}
   (You bought it in a shop on level 7 of the Dungeon)

   It inflicts extra damage upon your enemies.
   It affects your intelligence (+2).
   It affects your dexterity (+4).
   It has a curse placed upon it.
Missiles
 d - 3 throwing nets (quivered)
 h - 471 stones
Armour
 a - a +0 helmet (worn)
 g - a +0 leather armour
 l - a +1 pair of boots (worn)
 m - a scarf of resistance (worn)
 n - a +1 ring mail of poison resistance
 q - a +0 plate armour
 A - a +1 chain mail of poison resistance (worn)
 F - a +0 pair of gloves
 R - the cursed +1 scale mail "Ydiyna" {rN+ MR+ Int+5}
   (You found it on level 3 of the Lair of Beasts)

   It affects your intelligence (+5).
   It protects you from negative energy.
   It affects your resistance to hostile enchantments.
   It has a curse placed upon it.
Jewellery
 t - a ring of protection from fire (left claw)
 y - an uncursed ring of wizardry
 I - an uncursed ring of flight
 J - a +5 ring of intelligence
 K - the ring "Pist" (right claw) {rN++ AC+2}
   (You found it on level 5 of the Lair of Beasts)

   [ring of protection]

   It affects your AC (+2).
   It greatly protects you from negative energy.
 S - an amulet of faith (around neck)
 T - an uncursed amulet of rage
Wands
 x - a wand of digging (4)
 M - a wand of paralysis (6)
 O - a wand of disintegration (15)
 U - a wand of polymorph (6)
Scrolls
 i - 4 scrolls of amnesia
 r - a scroll of identify
 w - 4 scrolls of magic mapping
 D - 6 scrolls of remove curse
 H - 2 scrolls of enchant weapon
 L - 5 scrolls of teleportation
 P - 3 scrolls of fog
Potions
 e - 2 potions of flight
 j - 3 potions of agility
 k - a potion of berserk rage
 o - a potion of heal wounds
 p - 4 potions of haste
 s - 4 potions of curing
 u - 3 potions of magic
 v - a potion of invisibility
 z - 2 potions of lignification
 B - 3 potions of brilliance
 C - a potion of cancellation
 G - 2 potions of might
 N - a potion of resistance
 Q - 3 potions of mutation
Comestibles
 f - 47 rations


   Skills:
 - Level 10.0 Fighting
 - Level 2.9 Axes
 - Level 1.7 Throwing
 + Level 9.7 Armour
 - Level 7.0 Dodging
 + Level 13.0 Unarmed Combat
 - Level 10.0 Invocations
 - Level 6.0 Evocations


You had 12 spell levels left.
You didn't know any spells.
Your spell library contained the following spells:

 Spells                   Type           Power        Failure   Level  Hunger
 Shock                    Conj/Air       #...         52%         1    ##.....
 Sublimation of Blood     Necr           #.........   67%         2    ###....
 Swiftness                Chrm/Air       #.......     67%         2    ###....
 Ignite Poison            Fire/Tmut/Pois #.......     88%         3    ####...
 Static Discharge         Conj/Air       #.......     88%         3    ####...
 Airstrike                Air            #.........   99%         4    #####..
 Petrify                  Tmut/Erth      #.......     99%         4    #####..
 Alistair's Intoxication  Tmut/Pois      #.......     100%        5    ######.
 Irradiate                Conj/Tmut      #.........   100%        5    ######.
 Lightning Bolt           Conj/Air       #.........   100%        5    ######.


Dungeon Overview and Level Annotations

Branches:
Dungeon (12/15)            Temple (1/1) D:5            Lair (6/6) D:11
  Swamp (0/4) Lair:3       Spider (0/4) Lair:4        Slime (0/5) Lair:5
    Orc (0/2) D:9

Altars:
Ashenzari
Cheibriados
Dithmenos
Kikubaaqudgha
Makhleb
Okawaru
Ru
Sif Muna
Vehumet
Wu Jian
Xom
Yredelemnul

Shops:
D:7 (

Annotations:
D:6 1 runed door, everene's ghost, novice MfFi
Lair:5 exclusion: 3 oklob plants
Lair:6 1 runed door


Innate Abilities, Weirdness & Mutations

You have very sharp fingernails.
You are surrounded by a strong repulsion field. (EV +4, RMsl)
You are immune to rotting.


Message History

You closely miss the tyrant leech. You claw the tyrant leech!
The tyrant leech is heavily wounded.
The tyrant leech bites you!
The tyrant leech draws strength from your injuries!
You closely miss the tyrant leech.
The tyrant leech is heavily wounded.
You scratch the tyrant leech but do no damage.
The tyrant leech is heavily wounded.
The tyrant leech bites you!!
* * * LOW HITPOINT WARNING * * *
The tyrant leech draws strength from your injuries!
You barely miss the tyrant leech.
The tyrant leech is moderately wounded.
You scratch the tyrant leech.
The tyrant leech is heavily wounded.
The tyrant leech barely misses you.
You mangle the tyrant leech!!
The tyrant leech is almost dead.
The tyrant leech bites you!!
You die...

######## .####
#.##.P.###
.....#####........##
P....##.....###...#
#..#.....## ##.†. ##
##.....### ###.
#.###....### ##..
###.P@...## ##.(8
#.†.w...## #..##
#......P.## ##..#
#...####...# ##..##
#... #.#...# #...###
P.# ##.#..P# #..##.#
. #


#†PPP ##.P#.. ..[## ##...# .... #..... You could see a tyrant leech.

Vanquished Creatures
  Gastronok (D:10)
  4 hydras
  4 two-headed ogres
  Urug (Lair:2)
  Nergalle (D:10)
  A lindwurm (Lair:6)
  A deep elf mage (D:8)
  A cyclops (D:10)
  3 black mambas
  4 elephants (Lair:4)
  4 torpor snails (Lair:6)
  A rime drake (Lair:5)
  A centaur skeleton (D:11)
  6 spiny frogs
  7 komodo dragons
  2 trolls
  5 hornets (Lair:6)
  A tyrant leech (Lair:6)
  A polar bear (Lair:6)
  6 hippogriffs
  10 blink frogs
  5 dream sheep (Lair:6)
  Sigmund (D:3)
  A tarantella (Lair:4)
  2 wyverns
  23 yaks
  A human (D:7)
  2 hungry ghosts (D:9)
  2 steam dragons
  3 hogs (D:7)
  3 swamp worms (Lair:3)
  9 water moccasins
  A two-headed ogre zombie (D:9)
  10 porcupines
  2 orc warriors (D:11)
  3 sky beasts
  An ice beast (D:11)
  2 phantoms
  A black bear (D:11)
  2 necrophages (D:6)
  16 wolves
  5 ogres
  5 crocodiles
  3 centaurs
  16 bullfrogs
  5 scorpions
  A troll zombie (D:9)
  10 killer bees
  8 wights
  2 electric eels
  4 crimson imps
  A centaur zombie (D:8)
  An orc priest (D:8)
  6 hounds
  4 jellies
  5 orc wizards
  An iguana (D:7)
  4 worker ants
  6 ogre zombies (D:9)
  2 hound skeletons (D:6)
  A worker ant zombie (D:11)
  12 adders
  7 gnolls
  2 shadow imps
  2 oozes (D:2)
  An adder zombie (D:8)
  2 worms
  2 dart slugs
  4 leopard geckos
  32 orcs
  2 ball pythons
  6 giant cockroaches
  11 goblins
  11 hobgoblins
  13 jackals
  4 kobolds
  6 quokkas
  6 bats
  2 frilled lizards (D:2)
  A goblin skeleton (D:9)
  5 goblin zombies (D:9)
  4 hobgoblin skeletons (D:9)
  2 hobgoblin zombies (D:9)
  2 orc skeletons (D:9)
  11 orc zombies (D:9)
  12 rats
  2 butterflies
409 creatures vanquished.

Vanquished Creatures (others)
  8 fungi
  15 plants
23 creatures vanquished.

Grand Total: 432 creatures vanquished

Notes
Turn   | Place    | Note
-------+----------+-------------------------------------------
     0 | D:1      | TheGoonsmith the Demonspawn Gladiator began the quest for
                  | the Orb.
     0 | D:1      | Reached XP level 1. HP: 16/16 MP: 1/1
   287 | D:1      | Gained mutation: You have sharp fingernails. [demonic
                  | ancestry]
   287 | D:1      | Reached XP level 2. HP: 22/22 MP: 2/2
   794 | D:1      | Reached skill level 1 in Unarmed Combat
  1200 | D:2      | Reached XP level 3. HP: 28/28 MP: 3/3
  1519 | D:2      | Reached skill level 2 in Unarmed Combat
  1598 | D:2      | Reached XP level 4. HP: 19/34 MP: 4/4
  2237 | D:3      | Reached skill level 3 in Unarmed Combat
  2297 | D:3      | Reached XP level 5. HP: 36/41 MP: 5/5
  2322 | D:3      | Noticed Sigmund
  2335 | D:3      | Killed Sigmund
  2335 | D:3      | Reached skill level 4 in Unarmed Combat
  2335 | D:3      | Reached XP level 6. HP: 38/48 MP: 6/6
  3164 | D:4      | Reached skill level 5 in Unarmed Combat
  3164 | D:4      | Gained mutation: You are surrounded by a mild repulsion
                  | field. (EV +2) [demonic ancestry]
  3164 | D:4      | Reached XP level 7. HP: 18/55 MP: 7/7
  3637 | D:5      | Entered Level 5 of the Dungeon
  4170 | D:5      | Found a staircase to the Ecumenical Temple.
  4177 | Temple   | Entered the Ecumenical Temple
  4196 | Temple   | Became a worshipper of Cheibriados the Contemplative
  4368 | D:6      | Reached skill level 5 in Fighting
  4408 | D:6      | Reached skill level 6 in Unarmed Combat
  4559 | D:6      | Found a runed door.
  4559 | D:6      | Noticed everene's ghost (novice MfFi)
  4669 | D:6      | Found a shadowy altar of Dithmenos.
  4853 | D:6      | Reached skill level 7 in Unarmed Combat
  4853 | D:6      | Gained mutation: You are surrounded by a moderate repulsion
                  | field. (EV +3) [demonic ancestry]
  4853 | D:6      | Reached XP level 8. HP: 62/62 MP: 8/8
  5206 | D:6      | Found a burning altar of Makhleb.
  5213 | D:6      | Reached skill level 8 in Unarmed Combat
  5278 | D:7      | Reached * piety under Cheibriados
  5284 | D:7      | Reached skill level 1 in Armour
  5353 | D:7      | Found Woemud's Antique Weapon Shop.
  5366 | D:7      | Identified the +0 leather armour of Cilleoh {rN+ MR+}
  5484 | D:7      | Bought a transparent battleaxe for 299 gold pieces
  5484 | D:7      | Identified the cursed +3 battleaxe of Yzecemur {chop, Int+2
                  | Dex+4} (You bought it in a shop on level 7 of the Dungeon)
  5631 | D:7      | Reached XP level 9. HP: 62/69 MP: 9/9
  5693 | D:7      | Reached ** piety under Cheibriados
  6654 | D:8      | Found an ancient bone altar of Kikubaaqudgha.
  6655 | D:8      | Noticed a deep elf mage
  6670 | D:8      | Killed a deep elf mage
  6670 | D:8      | Reached skill level 5 in Dodging
  6670 | D:8      | Reached skill level 9 in Unarmed Combat
  7314 | D:8      | Reached *** piety under Cheibriados
  7451 | D:9      | Reached XP level 10. HP: 79/79 MP: 10/10
  7608 | D:9      | Found a staircase to the Orcish Mines.
  7694 | D:9      | Reached **** piety under Cheibriados
  7726 | D:9      | Reached skill level 5 in Armour
  8416 | D:9      | Reached skill level 10 in Unarmed Combat
  8728 | D:10     | Entered Level 10 of the Dungeon
  8741 | D:10     | Noticed a two-headed ogre
  8750 | D:10     | Killed a two-headed ogre
  8897 | D:10     | Noticed a cyclops
  8909 | D:10     | Killed a cyclops
  9225 | D:10     | Noticed Gastronok
  9263 | D:10     | Killed Gastronok
  9263 | D:10     | Gained mutation: You are surrounded by a strong repulsion
                  | field. (EV +4, RMsl) [demonic ancestry]
  9263 | D:10     | Reached XP level 11. HP: 30/87 MP: 13/13
  9379 | D:10     | Reached ***** piety under Cheibriados
  9585 | D:10     | Noticed Nergalle
  9599 | D:10     | Killed Nergalle
  9618 | D:10     | Found a shadowy altar of Dithmenos.
  9926 | D:11     | Noticed a two-headed ogre
  9931 | D:11     | Killed a two-headed ogre
  9981 | D:11     | Noticed a two-headed ogre
  9991 | D:11     | Killed a two-headed ogre
  9991 | D:11     | Reached skill level 11 in Unarmed Combat
 10271 | D:11     | Reached skill level 5 in Invocations
 10692 | D:11     | Found a staircase to the Lair.
 10903 | D:11     | Noticed a two-headed ogre
 10913 | D:11     | Killed a two-headed ogre
 11242 | Lair:1   | Entered Level 1 of the Lair of Beasts
 11450 | Lair:1   | Noticed a six-headed hydra
 11455 | Lair:1   | Killed a six-headed hydra
 11606 | Lair:1   | Reached skill level 1 in Evocations
 12438 | Lair:2   | Noticed Urug
 12815 | Lair:2   | Killed Urug
 12815 | Lair:2   | Gained mutation: You have very sharp fingernails. [demonic
                  | ancestry]
 12815 | Lair:2   | Reached XP level 12. HP: 96/96 MP: 16/16
 13311 | Lair:2   | Reached skill level 12 in Unarmed Combat
 14150 | Lair:3   | Got an ichor-stained scale mail
 14151 | Lair:3   | Identified the cursed +1 scale mail "Ydiyna" {rN+ MR+
                  | Int+5} (You found it on level 3 of the Lair of Beasts)
 14285 | Lair:3   | Reached skill level 10 in Fighting
 15121 | Lair:3   | Found a staircase to the Swamp.
 15415 | Lair:4   | Found the +3 robe of Clouds {+Thunder rCloud rElec}
 15427 | Lair:4   | Noticed an eight-headed hydra
 15436 | Lair:4   | Killed an eight-headed hydra
 15436 | Lair:4   | Reached skill level 5 in Evocations
 15624 | Lair:4   | Found a hole to the Spider Nest.
 15686 | Lair:4   | Reached ****** piety under Cheibriados
 16049 | Lair:5   | Reached skill level 10 in Invocations
 16096 | Lair:5   | You fall through a shaft!
 16096 | Lair:6   | Entered Level 6 of the Lair of Beasts
 16096 | Lair:6   | Noticed a six-headed hydra
 16107 | Lair:6   | Killed a six-headed hydra
 16107 | Lair:6   | Gained mutation: You are immune to rotting. [demonic
                  | ancestry]
 16107 | Lair:6   | Reached XP level 13. HP: 9/103 MP: 14/20
 16772 | Lair:5   | Got a steaming jade ring
 16886 | Lair:5   | You fall through a shaft!
 16917 | Lair:5   | Found a staircase to the Slime Pits.
 16966 | Lair:5   | Identified the ring "Pist" {rN++ AC+2} (You found it on
                  | level 5 of the Lair of Beasts)
 17216 | Lair:5   | Found a shattered altar of Ashenzari.
 17965 | Lair:6   | Found a runed door.
 18042 | Lair:6   | Reached skill level 13 in Unarmed Combat
 18056 | Lair:6   | Slain by a tyrant leech

Vault maps used:
D:1:      doesnt_arrival_eight_statues, hangedman_decor_points
D:3:      uniq_sigmund
D:4:      first_ration
D:5:      minmay_temple_entry_crystal_x
D:6:      grunt_dithmenos_smoke_and_mirrors, hellmonk_ghost_happy_afterlife,
          makhleb_blood_cavern_becter
D:7:      serial_shops, nicolae_shop_stone, grunt_livestock, nrook_campfire,
          minmay_diced_spiral
D:8:      david_defended_altar_elf
D:9:      zombieorc2_lemuel, serial_glass, glass_columns_c, glass_columns_a,
          feat_on_display, feat_on_display
D:10:     basic_altar, uniq_nergalle, uniq_gastronok
D:11:     grunt_lair_entry_orc_guard_hut, lightli_orcish_oven
D:12:     uniq_psyche
Temple:   nicolae_temple_the_god_donut
Lair:1:   chequers_serial_rivers_room_b, chequers_serial_rivers_large_a,
          fungi_pond_lemuel, serial_bayou_shore_a
Lair:2:   lemuel_fruit_tree, serial_bayou_shore_b, lemuel_fruit_fields,
          lemuel_fruit_fields, infiniplex_staircase_pool, uniq_urug
Lair:3:   nicolae_swamp_entry_splash_gauntlet, serial_bayou_pond_c,
          beast_lair_carwin_11, lemuel_fruit_fields
Lair:4:   spider_nest_entry_rubble
Lair:5:   slime_dummy, basic_altar, grunt_megastairs_4,
          minmay_lair_oklob_chamber
Lair:6:   hangedman_lair_in_review, wormcave, minmay_lindwurm_lava

Skill      XL: |  1  2  3  4  5  6  7  8  9 10 11 12 13 |
---------------+----------------------------------------+-----
Dodging        | 3 4 5 6 7 |  7.0
Unarmed Combat | 1 2 3 4 5 7 8 9 10 11 12 13 | 13.0
Fighting       | 3 4 5 7 8 9 10 | 10.0
Armour         | 2 4 5 6 8 9 |  9.7
Invocations    | 3 5 10 | 10.0
Evocations     | 2 6 |  6.0
Axes           | |  2.9
Throwing       | |  1.7

Action                   |  1- 3 |  4- 6 |  7- 9 | 10-12 | 13-15 || total
-------------------------+-------+-------+-------+-------+-------++-------
Melee: War axe           |   103 |   101 |       |       |       ||   204
       Unarmed           |       |    34 |   424 |   758 |   186 ||  1402
       Punch             |       |     1 |    17 |    66 |    26 ||   110
 Fire: Hunting sling     |    13 |       |    19 |       |       ||    32
Throw: Throwing net      |     5 |       |       |       |       ||     5
Invok: Slouch            |       |       |       |     3 |     6 ||     9
Evoke: Wand              |       |     2 |       |     8 |       ||    10
       Sack of spiders   |       |       |       |     2 |       ||     2
  Use: Potion            |       |     3 |     1 |     5 |       ||     9
       Scroll            |       |     6 |    11 |    12 |     3 ||    32
 Stab: Sleeping          |     1 |       |       |       |       ||     1
       Paralysed         |       |       |       |     4 |       ||     4
  Eat: Chunk             |     2 |     5 |    11 |    16 |     4 ||    38
       Ration            |       |       |       |     1 |       ||     1
Armor: Leather armour    |    14 |       |       |       |       ||    14
       Ring mail         |    31 |    45 |    35 |       |       ||   111
       Chain mail        |       |       |   135 |   200 |    73 ||   408
Dodge: Dodged            |    91 |    81 |   243 |   600 |   208 ||  1223
       Deflected         |       |       |       |     9 |       ||     9

Table legend:
 A = Non-vault XP
 B = Vault XP
 C = Vault XP percentage of total XP
 D = Non-vault monster count
 E = Vault monster count
 F = Vault count percentage of total count
                 A         B        C        D         E       F
            +---------+---------+-------+---------+---------+-------
      Total |   36883 |   14955 |  28.8 |     320 |      87 |  21.4
            +---------+---------+-------+---------+---------+-------
        D:1 |      41 |       0 |   0.0 |      24 |       0 |   0.0
        D:2 |      79 |       0 |   0.0 |      26 |       0 |   0.0
        D:3 |      92 |     227 |  71.2 |      26 |       1 |   3.7
        D:4 |     363 |       0 |   0.0 |      11 |       0 |   0.0
        D:5 |     115 |       0 |   0.0 |      11 |       0 |   0.0
        D:6 |     868 |     143 |  14.1 |      18 |       2 |  10.0
        D:7 |    1065 |    1120 |  51.3 |      27 |       6 |  18.2
        D:8 |     813 |     583 |  41.8 |      18 |       1 |   5.3
        D:9 |    1311 |     887 |  40.4 |      16 |      36 |  69.2
       D:10 |    2072 |    2940 |  58.7 |      21 |       2 |   8.7
       D:11 |    4533 |     685 |  13.1 |      17 |      11 |  39.3
     Lair:1 |    3114 |       0 |   0.0 |      11 |       0 |   0.0
     Lair:2 |    3932 |     807 |  17.0 |      17 |       1 |   5.6
     Lair:3 |    4241 |    1370 |  24.4 |      20 |       7 |  25.9
     Lair:4 |    4683 |     227 |   4.6 |      16 |       1 |   5.9
     Lair:5 |    1697 |    2236 |  56.9 |       9 |       9 |  50.0
     Lair:6 |    7864 |    3730 |  32.2 |      32 |      10 |  23.8
            +---------+---------+-------+---------+---------+-------
